 Dungeon Crawl Stone Soup version 0.23-a0-137-gef0ad6d (webtiles) character file.

417 torrenera the Chopper (level 6, -6/51 HPs)
             Began as a Minotaur Abyssal Knight on Aug 29, 2018.
             Was a Believer of Lugonu.
             Killed by divine providence
             ... invoked by an orc priest
              (16 damage)
             ... on level 4 of the Dungeon.
             The game lasted 00:08:10 (3642 turns).

torrenera the Chopper (Minotaur Abyssal Knight)     Turns: 3642, Time: 00:08:12

Health: -6/51      AC:  6    Str: 18      XL:     6   Next: 61%
Magic:  7/7        EV: 11    Int:  8 (9)  God:    Lugonu [**....]
Gold:   120        SH:  0    Dex: 10      Spells: 5/5 levels left

rFire    + . .     SeeInvis .   a - +1 hand axe
rCold    + . .     Gourm    .   (no shield)
rNeg     . . .     Faith    .   b - +1 leather armour
rPois    .         Spirit   .   (helmet restricted)
rElec    .         Reflect  .   j - scarf {rC+ rF+}
rCorr    .         Harm     .   (no gloves)
MR       .....                  (no boots)
Stlth    +.........             (no amulet)
HPRegen  0.17/turn              g - ring of flight
MPRegen  0.10/turn              (no ring)

@: no status effects
A: retaliatory headbutt, horns 2, iridescent scales 1, sense surroundings 1
a: Depart the Abyss, Bend Space, Renounce Religion, Evoke Flight


You were on level 4 of the Dungeon.
You worshipped Lugonu.
Lugonu was pleased with you.
You were hungry.

You visited 1 branch of the dungeon, and saw 5 of its levels.
You visited the Abyss 1 time.

You collected 120 gold pieces.

Inventory:

Hand Weapons
 a - a +1 hand axe (weapon)
Missiles
 e - 55 stones (quivered)
 i - 19 poisoned needles
 y - 2 tomahawks
Armour
 b - a +1 leather armour (worn)
 j - a scarf of resistance (worn)
Jewellery
 g - a ring of flight (left hand)
Scrolls
 d - 2 scrolls of remove curse
 f - a scroll of magic mapping {unknown}
 h - 2 scrolls of teleportation
 k - a scroll of blinking
 r - a scroll of fear {unknown}
 t - a scroll of enchant armour
 v - a scroll of immolation {unknown}
 w - a scroll of fog {unknown}
Potions
 m - a potion of brilliance
 n - a potion of magic {unknown}
 o - a potion of mutation
 p - a potion of haste
 s - a potion of flight
 u - a potion of ambrosia
Comestibles
 c - 4 rations


   Skills:
 - Level 3.6 Fighting
 + Level 7.9 Axes
 - Level 2.4 Armour
 - Level 1.1 Dodging
 * Level 3.3 Invocations


You had 5 spell levels left.
You didn't know any spells.
Your spell library was empty.

Dungeon Overview and Level Annotations

Branches:
Dungeon (5/15)
 Temple: D:4-7

Altars:
Ashenzari
Dithmenos
Fedhas
Makhleb
Ru
Trog
Xom
The Shining One

Annotations:
D:4 Eustachio


Innate Abilities, Weirdness & Mutations

You reflexively headbutt those who attack you in melee.
You have a pair of horns on your head.
You are partially covered in iridescent scales. (AC +2)
You passively map a small area around you.


Message History

The orc priest calls down the wrath of Beogh upon you.
Pain shoots through your body!
You hit the orc priest.
The orc priest is heavily wounded.
The orc priest mumbles some strange prayers to Beogh against you.
Pain shoots through your body!
* * * LOW HITPOINT WARNING * * *
You hit the orc priest.
The orc priest is severely wounded.
You hit the orc wizard but do no damage.
The orc priest barely misses you. You furiously retaliate!
You headbutt the orc priest. You closely miss the orc priest.
You headbutt the orc priest, but do no damage.
The orc priest is almost dead.
You barely miss the orc wizard. The orc wizard hits you with a dagger.
* * * LOW HITPOINT WARNING * * *
The orc priest calls down the wrath of Beogh upon you.
Beogh smites you!
You die...

* ≈#.....###..# #....###
#..........# #r.....## *
#..........# ##.......# * *
,..........## #......... ,
............♣ ♣>..##....
≈.≈§≈≈≈......♣###♣.#####...
≈§§###§......♣#_#♣## #... ,
≈.≈ #≈......♣#'# #...#
§.≈###≈..o@..♣♣.♣♣ #...##
§.≈≈≈≈≈o.))o.....# *#..##
.§..............# ...#* ≈
§≈≈≈§..######.## .... * #
.§###≈..# ### #.. ≈ #≈.
#§.## * , , * #≈§≈###≈.# *
§§.≈≈≈§≈.# * §§...o...#


You could see an orc priest, an orc wizard and an orc.

Vanquished Creatures
  2 ice beasts (D:5)
  Blork the orc (D:3)
  2 orc wizards
  2 adders
  3 oozes
  2 worms
  3 dart slugs
  A leopard gecko (D:1)
  6 orcs
  4 bats
  3 giant cockroaches
  11 goblins
  3 hobgoblins
  2 jackals (D:1)
  6 frilled lizards
  A jackal skeleton (D:4)
  10 kobolds
  6 rats
68 creatures vanquished.

Vanquished Creatures (others)
  2 starspawn tentacles (Abyss:1)
2 creatures vanquished.

Grand Total: 70 creatures vanquished

Notes
Turn   | Place    | Note
-------+----------+-------------------------------------------
     0 | Abyss:1  | torrenera the Minotaur Abyssal Knight began the quest for
                  | the Orb.
     0 | Abyss:1  | Reached XP level 1. HP: 19/19 MP: 1/1
    60 | Abyss:1  | Noticed an ancient zyme
    70 | Abyss:1  | Noticed a tentacled starspawn
    73 | D:1      | Escaped the Abyss
   197 | D:1      | Reached skill level 3 in Axes
   311 | D:1      | Reached XP level 2. HP: 26/26 MP: 2/2
   354 | D:1      | Reached * piety under Lugonu
   387 | D:1      | Reached skill level 4 in Axes
   685 | D:1      | Reached XP level 3. HP: 30/31 MP: 3/3
  1433 | D:2      | Found a blossoming altar of Fedhas.
  1434 | D:2      | Found a shadowy altar of Dithmenos.
  1434 | D:2      | Found a shimmering altar of Xom.
  1436 | D:2      | Found a bloodstained altar of Trog.
  1439 | D:2      | Found a burning altar of Makhleb.
  1484 | D:2      | Found a glowing golden altar of the Shining One.
  1864 | D:2      | Reached skill level 5 in Axes
  1928 | D:2      | Reached ** piety under Lugonu
  2016 | D:2      | Reached XP level 4. HP: 33/39 MP: 4/4
  2561 | D:3      | Found a sacrificial altar of Ru.
  2654 | D:4      | Noticed Blork the orc
  2654 | D:4      | Noticed Eustachio
  2750 | D:5      | Entered Level 5 of the Dungeon
  2858 | D:5      | Noticed an ice beast
  2877 | D:5      | Killed an ice beast
  2877 | D:5      | Reached skill level 6 in Axes
  2877 | D:5      | Reached XP level 5. HP: 11/45 MP: 5/5
  2962 | D:5      | Gained mutation: You are partially covered in iridescent
                  | scales. (AC +2) [potion of mutation]
  2962 | D:5      | Gained mutation: You passively map a small area around you.
                  | [potion of mutation]
  3081 | D:5      | Noticed an ice beast
  3137 | D:5      | Killed an ice beast
  3137 | D:5      | Reached skill level 7 in Axes
  3137 | D:5      | Reached XP level 6. HP: 28/51 MP: 7/7
  3371 | D:3      | Killed Blork the orc
  3598 | D:4      | Found a shattered altar of Ashenzari.
  3642 | D:4      | Killed from afar by an orc priest

Vault maps used:
D:1:      eino_arrival_tree_alley
D:2:      old_standard_altar, minitemple
D:3:      overflow_temple_1_default, grunt_decor_cap, minmay_bisected
D:4:      kennysheep_little_box, kennysheep_mini_moat,
          minmay_temple_entry_large_hall, kennysheep_boxes, uniq_blork_the_orc,
          uniq_ijyb, uniq_eustachio
D:5:      overflow_temple_1_default, first_ration

Skill      XL: |  1  2  3  4  5 |
---------------+----------------+-----
Axes           | 3 4 5 6 7 |  7.9
Invocations    | 2 3 |  3.3
Fighting       | |  3.6
Armour         | |  2.4
Dodging        | |  1.1

Action                   |  1- 3 |  4- 6 || total
-------------------------+-------+-------++-------
Melee: Hand axe          |    95 |    85 ||   180
       Headbutt          |     6 |    16 ||    22
Invok: Depart the Abyss  |     1 |       ||     1
  Use: Scroll            |     3 |     5 ||     8
       Potion            |       |     6 ||     6
  Eat: Chunk             |     3 |     5 ||     8
Armor: Leather armour    |    27 |    27 ||    54
Dodge: Dodged            |    50 |    34 ||    84

Table legend:
 A = Non-vault XP
 B = Vault XP
 C = Vault XP percentage of total XP
 D = Non-vault monster count
 E = Vault monster count
 F = Vault count percentage of total count
                 A         B        C        D         E       F
            +---------+---------+-------+---------+---------+-------
      Total |     494 |     103 |  17.3 |      66 |       2 |   2.9
            +---------+---------+-------+---------+---------+-------
        D:1 |      54 |       0 |   0.0 |      25 |       0 |   0.0
        D:2 |      44 |       0 |   0.0 |      19 |       0 |   0.0
        D:3 |      22 |     103 |  82.4 |       9 |       2 |  18.2
        D:4 |      42 |       0 |   0.0 |       4 |       0 |   0.0
        D:5 |     332 |       0 |   0.0 |       9 |       0 |   0.0
            +---------+---------+-------+---------+---------+-------
